 Dungeon Crawl Stone Soup version 0.19.5 (webtiles) character file.

1425 Jerry the Slasher (level 8, -22/71 HPs)
             Began as a Minotaur Fighter on Apr 1, 2017.
             Was a Follower of Okawaru.
             Annihilated by Joseph
             ... wielding a cursed +0 quarterstaff
              (27 damage)
             ... on level 7 of the Dungeon.
             The game lasted 00:15:54 (5886 turns).

Jerry the Slasher (Minotaur Fighter)                Turns: 5886, Time: 00:15:55

Health: -22/71     AC: 12    Str: 24    XL:     8   Next: 44%
Magic:  8/8        EV: 14    Int:  6    God:    Okawaru [*.....]
Gold:   278        SH:  5    Dex: 13    Spells: 0 memorised, 7 levels left

rFire  . . .     SeeInvis .     a - +1 long sword
rCold  . . .     Gourm    .     E - +4 leather armour of Qamapoef {rN+ MR+ Str+3}
rNeg   + . .     Faith    .     q - +0 buckler
rPois  .         Spirit   .     j - +2 hat
rElec  .         Reflect  .     (no cloak)
rCorr  .         Harm     .     (no gloves)
MR     ++...                    v - +1 pair of boots
Stlth  +.........               (no amulet)
                                t - +2 ring of dexterity
                                o - ring of protection from magic

@: no status effects
A: retaliatory headbutt, horns 2
a: Heroism, Renounce Religion


You were on level 7 of the Dungeon.
You worshipped Okawaru.
Okawaru was aware of your devotion.
You were not hungry.

You visited 2 branches of the dungeon, and saw 8 of its levels.
You also visited: Sewer.

You collected 338 gold pieces.
You spent 60 gold pieces at shops.

Inventory:

Hand Weapons
 a - a +1 long sword (weapon)
 I - a +2 dagger of venom
Armour
 c - a +0 shield
 j - a +2 hat (worn)
 q - a +0 buckler (worn)
 v - a +1 pair of boots (worn)
 w - a +0 chain mail
 E - the +4 leather armour of Qamapoef (worn) {rN+ MR+ Str+3}
   (You found it on level 4 of the Dungeon)

   It affects your strength (+3).
   It protects you from negative energy.
   It affects your resistance to hostile enchantments.
Jewellery
 o - a ring of protection from magic (left hand)
 t - a +2 ring of dexterity (right hand)
Wands
 d - a wand of slowing (31/48)
Scrolls
 b - 2 scrolls of fear
 g - a scroll of magic mapping
 h - 2 scrolls of amnesia
 k - a scroll of enchant weapon
 l - 2 scrolls of enchant armour
 m - 3 scrolls of identify
 n - 9 scrolls of remove curse
 p - 3 scrolls of teleportation
 s - 3 scrolls of fog
 y - a scroll of recharging
 B - a scroll of blinking
Potions
 e - 4 potions of curing
 i - 3 potions of ambrosia
 r - 2 potions of lignification
 x - 4 potions of flight
 z - a potion of brilliance
 A - a potion of degeneration {unknown}
 C - a potion of berserk rage
 G - a potion of heal wounds {unknown}
Comestibles
 f - 6 bread rations
 u - 4 meat rations
 D - 2 fruits
 H - a beef jerky


   Skills:
 + Level 6.8 Fighting
 * Level 7.9 Long Blades
 + Level 6.3 Armour
 + Level 4.3 Dodging
 - Level 4.2 Shields
 + Level 2.3 Invocations


You had 7 spell levels left.
You didn't know any spells.

Dungeon Overview and Level Annotations

Branches:
Dungeon (7/15)             Temple (1/1) D:4

Altars:
Ashenzari
Cheibriados
Dithmenos
Elyvilon
Fedhas
Gozag
Kikubaaqudgha
Makhleb
Nemelex Xobeh
Okawaru
Qazlal
Ru
Sif Muna
Uskayaw
Vehumet
Yredelemnul
Zin
The Shining One
Lugonu

Shops:
D:5 *

Annotations:
D:7 Joseph


Innate Abilities, Weirdness & Mutations

You reflexively headbutt those who attack you in melee.
You have a pair of horns on your head.


Message History

You feel sick.
You are no longer poisoned.
You hit Joseph.
Joseph is heavily wounded.
Joseph completely misses you. You furiously retaliate!
You headbutt Joseph. You hit Joseph. Your headbutt misses Joseph.
Joseph is severely wounded.
Joseph hits you with a quarterstaff!!
Your leather armour of Qamapoef prevents you from hitting Joseph.
You headbutt Joseph!
Joseph is severely wounded.
You block Joseph's attack.
You slash Joseph!
Joseph is almost dead.
Joseph hits you with a quarterstaff!!
* * * LOW HITPOINT WARNING * * *
You barely miss Joseph.
Joseph is almost dead.
Joseph hits you with a quarterstaff!!
You die...

#.........#
#...(.....#
#.........######
#...............
#####..........(.#
##.†.(.......<.##.#
#..(.#######..##
#..))# ##.. #>..@#
#### #....@.....%
#....####... #....#
######


You could see Joseph.

Vanquished Creatures
  A steam dragon (D:5)
  A phantom (D:5)
  4 ogres
  A big kobold (D:7)
  Blork the orc (D:4)
  3 scorpions
  A crimson imp (D:3)
  A centaur zombie (D:5)
  2 hounds
  A bullfrog skeleton (D:5)
  2 orc wizards (D:3)
  4 worker ants
  A worker ant zombie (D:6)
  5 adders
  7 oozes
  8 worms
  4 dart slugs
  13 leopard geckos
  6 orcs
  9 giant cockroaches
  13 goblins
  9 hobgoblins
  18 jackals
  15 kobolds
  4 quokkas
  4 ball pythons
  12 bats
  10 frilled lizards
  9 rats
169 creatures vanquished.

Notes
Turn   | Place    | Note
-------+----------+-------------------------------------------
     0 | D:1      | Jerry the Minotaur Fighter began the quest for the Orb.
     0 | D:1      | Reached XP level 1. HP: 19/19 MP: 0/0
   104 | D:1      | Reached XP level 2. HP: 27/27 MP: 1/1
   205 | D:1      | Reached skill level 3 in Long Blades
   480 | D:1      | Reached XP level 3. HP: 32/33 MP: 2/2
   706 | D:2      | Reached skill level 1 in Dodging
  1059 | D:2      | Reached XP level 4. HP: 40/41 MP: 3/3
  1069 | D:2      | Found a deep blue altar of Sif Muna.
  1070 | D:2      | Found an ancient bone altar of Kikubaaqudgha.
  1070 | D:2      | Found a radiant altar of Vehumet.
  1083 | D:2      | Identified Vehumet's Compendium of Battle Magic
  1135 | D:2      | Found a burning altar of Makhleb.
  1219 | D:2      | Found a glowing golden altar of the Shining One.
  1646 | D:2      | Reached skill level 4 in Long Blades
  1945 | D:3      | Reached XP level 5. HP: 47/47 MP: 4/4
  2195 | D:3      | Found a glowing drain.
  2211 | Sewer    | Entered a sewer
  2286 | Sewer    | Reached skill level 5 in Fighting
  2736 | Sewer    | Reached XP level 6. HP: 56/56 MP: 5/5
  2938 | D:3      | Reached skill level 5 in Long Blades
  2965 | D:3      | Reached skill level 5 in Armour
  3122 | D:4      | Found a sacrificial altar of Ru.
  3267 | D:4      | Noticed Blork the orc
  3278 | D:4      | Killed Blork the orc
  3371 | D:4      | Got an ichor-stained leather armour
  3372 | D:4      | Identified the +4 leather armour of Qamapoef {rN+ MR+ Str+3} (You found it on level 4 of the Dungeon)
  3430 | D:4      | Reached XP level 7. HP: 56/61 MP: 6/6
  3636 | D:4      | Reached skill level 6 in Long Blades
  3947 | D:4      | Found a staircase to the Ecumenical Temple.
  3953 | Temple   | Entered the Ecumenical Temple
  4000 | Temple   | Became a worshipper of Warmaster Okawaru
  4276 | D:5      | Entered Level 5 of the Dungeon
  4482 | D:5      | Noticed a steam dragon
  4484 | D:5      | Noticed a steam dragon
  4497 | D:5      | Killed a steam dragon
  4497 | D:5      | Reached skill level 7 in Long Blades
  4497 | D:5      | Reached skill level 1 in Invocations
  4761 | D:5      | Reached XP level 8. HP: 70/70 MP: 6/8
  4806 | D:5      | Reached * piety under Okawaru
  5173 | D:5      | Found Ekkiphox's General Store.
  5176 | D:5      | Bought a potion of berserk rage for 60 gold pieces
  5278 | D:6      | Found a snail-covered altar of Cheibriados.
  5368 | D:6      | Found a sparkling altar of Nemelex Xobeh.
  5369 | D:6      | Found a white marble altar of Elyvilon.
  5369 | D:6      | Found a glowing silver altar of Zin.
  5612 | D:6      | Found a shattered altar of Ashenzari.
  5633 | D:6      | Found a basalt altar of Yredelemnul.
  5875 | D:7      | Noticed Joseph
  5886 | D:7      | Annihilated by Joseph

Skill      XL: |  1  2  3  4  5  6  7  8 |
---------------+-------------------------+-----
Long Blades    | 3 4 5 7 |  7.9
Fighting       | 4 5 6 |  6.8
Dodging        | 1 2 3 4 |  4.3
Armour         | 4 5 6 |  6.3
Shields        | 4 |  4.2
Invocations    | 1 2 |  2.3

Action                   |  1- 3 |  4- 6 |  7- 9 || total
-------------------------+-------+-------+-------++-------
Melee: Long sword        |    78 |   194 |   106 ||   378
       Headbutt          |    13 |    37 |    30 ||    80
  Use: Scroll            |       |    16 |     3 ||    19
       Potion            |       |       |     1 ||     1
  Eat: Chunk             |     1 |     8 |     8 ||    17
Armor: Scale mail        |    34 |    81 |       ||   115
       Chain mail        |       |    47 |       ||    47
       Leather armour    |       |     2 |    34 ||    36
Dodge: Dodged            |    44 |   110 |    54 ||   208
Block: Buckler           |       |     8 |    23 ||    31
       Rpst.: Long sword |    12 |    26 |    14 ||    52
